Map: Dusk Towers

Players

Miszu

  • Race: Zerg Zerg
  • League: Master

AlbOoZ - Winner!

  • Race: Protoss Protoss
  • League: Master

VOD

Have the link to the VOD?

Description

Time

  • Played on: March 6, 2016, 5:40 p.m.
  • Length: 19:01
Show
View Real Time Build Order
Export as new Build Order

Miszu Zerg 

Build Orders: Hatch First 

Get SALT Encoding   

  12  0:00  Drone  
  13  0:10  Drone  
  14  0:17  Overlord  
  14  0:29  Extractor, Drone  
  15  0:36  Drone x2  
  17  0:53  Hatchery  
  17  0:56  Drone  
  17  1:00  Drone  
  18  1:04  Extractor  
  18  1:06  Drone  
  18  1:17  Spawning Pool  
  17  1:21  Drone  
  18  1:31  Drone  
  19  1:48  Drone x2  
  21  2:02  Overlord  
  21  2:06  Metabolic Boost  
  21  2:08  Queen  
  21  2:09  Queen  
  21  2:11  Zergling x2  
  21  2:12  Zergling x2  
  27  2:18  Drone  
  28  2:26  Drone  
  28  2:28  Drone  
  30  2:33  Drone  
  31  2:39  Drone  
  32  2:47  Drone  
  32  2:50  Hatchery  
  32  2:56  Overlord  
  32  2:58  Drone  
  32  3:01  Drone  
  32  3:05  Drone  
  35  3:14  Drone  
  35  3:16  Evolution Chamber  
  35  3:19  Overlord  
  35  3:24  Drone x5  
  35  3:25  Drone  
  41  3:34  Overlord  
  41  3:38  Drone  
  41  3:41  Extractor  
  41  3:42  Extractor, Zerg Melee Weapons Level 1  
  41  3:46  Overlord  
  42  3:55  Drone x2  
  42  4:02  Roach Warren  
  41  4:03  Lair  
  41  4:06  Overlord  
  41  4:07  Queen  
  41  4:08  Drone  
  41  4:09  Drone x2  
  46  4:11  Drone  
  46  4:12  Drone  
  46  4:14  Drone  
  49  4:29  Overlord  
  48  4:35  Drone x10  
  58  4:42  Drone  
  59  4:47  Drone x2  
  61  4:58  Drone x2  
  61  4:59  Drone x7  
  70  5:02  Hydralisk Den  
  70  5:05  Infestation Pit  
  68  5:08  Drone x2  
  68  5:10  Extractor  
  68  5:11  Extractor, Drone  
  69  5:16  Drone  
  69  5:18  Drone x2  
  72  5:26  Hatchery  
  71  5:30  Hatchery  
  71  5:32  Muscular Augments  
  71  5:34  Hydralisk  
  71  5:35  Hydralisk x2  
  76  5:44  Drone x2  
  76  5:46  Overlord x2  
  81  5:50  Zergling x6  
  81  5:52  Overlord x2  
  81  5:54  Hive  
  81  6:00  Hydralisk  
  77  6:05  Overseer  
  77  6:06  Hydralisk, Overseer  
  77  6:07  Hydralisk  
  67  6:29  Hydralisk  
  67  6:31  Zergling x4  
  67  6:32  Drone  
  70  6:35  Drone x2  
  72  6:44  Drone x4  
  75  6:59  Drone x8  
  83  7:13  Queen  
  83  7:14  Drone x7  
  85  7:23  Ultralisk Cavern, Viper  
  85  7:25  Drone x5  
  85  7:28  Extractor  
  91  7:31  Extractor  
  91  7:33  Overlord  
  88  7:49  Drone x5  
  91  7:56  Drone x2  
  91  7:57  Drone x13  
  106  8:01  Hydralisk x2  
  109  8:07  Drone x5  
  109  8:12  Zerg Melee Weapons Level 2  
  111  8:23  Overlord  
  111  8:26  Extractor  
  107  8:28  Hydralisk x2  
  107  8:29  Hydralisk  
  107  8:30  Zergling x2  
  107  8:31  Zergling x18  
  122  8:36  Pneumatized Carapace  
  121  8:51  Drone x3  
  121  8:52  Drone  
  121  8:53  Chitinous Plating  
  123  8:56  Ultralisk  
  123  8:57  Zergling x22  
  140  9:12  Drone  
  140  9:14  Spore Crawler  
  140  9:19  Overlord x4  
  140  9:20  Overlord x3  
  140  9:29  Overlord x4  
  140  9:37  Queen  
  142  9:39  Hatchery  
  142  9:40  Viper x2  
  142  9:44  Adrenal Glands  
  147  9:50  Ultralisk  
  147  9:51  Zergling x10, Evolution Chamber  
  157  9:53  Zergling x4  
  157  9:54  Zergling x2  
  157  9:57  Spore Crawler  
  159  10:06  Ultralisk  
  167  10:07  Zergling x4  
  167  10:12  Ultralisk  
  167  10:13  Zergling x2  
  173  10:14  Zergling x6  
  176  10:26  Ultralisk, Drone  
  183  10:36  Ultralisk  
  183  10:37  Zergling x10  
  183  10:38  Spore Crawler  
  183  10:40  Extractor  
  192  10:43  Queen  
  192  10:45  Extractor  
  192  10:47  Spine Crawler  
  192  10:55  Infestor x2  
  196  11:01  Spore Crawler  
  196  11:02  Spine Crawler  
  196  11:03  Spine Crawler  
  193  11:07  Zergling x2  
  191  11:16  Ultralisk, Viper  
  194  11:31  Hatchery  
  193  11:33  Overseer  
  193  11:34  Ultralisk Cavern  
  192  11:45  Spore Crawler  
  192  11:46  Spine Crawler  
  190  11:47  Zerg Melee Weapons Level 3  
  190  11:49  Spine Crawler  
  175  12:00  Ultralisk  
  179  12:05  Zergling x2  
  172  12:26  Nydus Network  
  172  12:28  Zerg Ground Armor Level 1  
  172  12:29  Ultralisk  
  177  12:57  Zergling x8  
  181  13:06  Nydus Canal  
  181  13:17  Ultralisk  
  181  13:18  Ultralisk x2  
  199  13:23  Spire  
  199  13:24  Queen  
  200  13:29  Spine Crawler  
  200  13:33  Zergling x10  
  200  13:34  Zergling x16  
  198  13:58  Nydus Canal  
  197  14:26  Zergling x4  
  197  14:28  Overlord  
  191  14:44  Zergling x24  
  191  14:45  Zergling x12  
  199  14:50  Nydus Canal  
  197  14:54  Corruptor, Greater Spire  
  141  15:26  Corruptor x3, Ultralisk x2  
  156  15:37  Corruptor  
  156  15:38  Corruptor x3  
  160  15:48  Zergling x30  
  160  15:49  Corruptor  
  164  15:53  Corruptor  
  164  16:00  Corruptor  
  164  16:01  Corruptor x5  
  170  16:06  Zergling x2  
  170  16:07  Zergling x12, Corruptor x2  
  153  16:27  Overseer x3  
  153  16:28  Overseer x2  
  139  16:34  Ultralisk x3  
  139  16:36  Zergling x2  
  158  16:44  Brood Lord  
  158  16:45  Brood Lord  
  162  17:02  Brood Lord x3  
  162  17:04  Drone x3  
  171  17:10  Drone x3  
  171  17:15  Drone x3  
  177  17:26  Lair  
  177  17:28  Nydus Canal  
  153  17:49  Zergling x10  
  153  17:50  Zergling x18  
  142  17:52  Zergling x2  
  142  17:53  Zergling x2  
  108  18:11  Zergling x10  
  108  18:12  Zergling x14  
  116  18:14  Zergling x4  
  118  18:21  Zergling x6  
  118  18:22  Zergling x2  
  117  18:27  Zergling x4  
  117  18:29  Zergling x2  
  100  18:35  Zergling x6  
Show
View Real Time Build Order
Export as new Build Order

AlbOoZ Protoss - Winner!

Build Orders: 1 Gate Expand, Blink Stalkers 

Get SALT Encoding   

  12  0:01  Probe (Chrono Boost)  
  13  0:11  Probe (Chrono Boost)  
  14  0:18  Pylon  
  14  0:22  Probe (Chrono Boost)  
  15  0:36  Gateway, Probe (Chrono Boost)  
  16  0:47  Probe (Chrono Boost)  
  17  1:07  Nexus  
  17  1:12  Assimilator  
  17  1:15  Probe (Chrono Boost)  
  18  1:27  Cybernetics Core  
  18  1:28  Probe (Chrono Boost)  
  19  1:36  Assimilator  
  19  1:39  Probe (Chrono Boost)  
  20  1:50  Probe (Chrono Boost)  
  21  2:00  Warp Gate, Probe (Chrono Boost)  
  22  2:11  Probe (Chrono Boost)  
  22  2:15  Pylon  
  23  2:22  Mothership Core (Chrono Boost), Probe (Chrono Boost)  
  26  2:33  Probe (Chrono Boost)  
  27  2:38  Twilight Council  
  27  2:40  Probe (Chrono Boost)  
  27  2:43  Probe (Chrono Boost)  
  29  2:49  Stalker (Chrono Boost)  
  29  2:50  Probe  
  32  2:54  Probe  
  33  2:59  Gateway  
  33  3:02  Probe  
  34  3:06  Blink, Probe  
  34  3:08  Gateway  
  35  3:14  Probe (Chrono Boost)  
  35  3:18  Probe (Chrono Boost)  
  36  3:28  Stalker  
  36  3:32  Probe (Chrono Boost)  
  36  3:33  Probe (Chrono Boost)  
  40  3:42  Probe (Chrono Boost)  
  40  3:45  Probe (Chrono Boost)  
  42  3:53  Pylon  
  42  3:54  Probe (Chrono Boost)  
  43  4:01  Probe (Chrono Boost)  
  44  4:05  Probe (Chrono Boost)  
  44  4:09  Dark Shrine  
  45  4:13  Probe (Chrono Boost)  
  45  4:14  Nexus  
  45  4:15  Pylon  
  45  4:29  Assimilator, Probe (Chrono Boost)  
  45  4:31  Assimilator  
  46  4:34  Stalker x3  
  52  4:39  Probe (Chrono Boost)  
  53  4:50  Gateway, Probe (Chrono Boost)  
  53  4:52  Gateway  
  55  4:53  Probe (Chrono Boost)  
  55  5:00  Stalker  
  55  5:01  Stalker  
  55  5:02  Probe (Chrono Boost)  
  60  5:08  Probe (Chrono Boost)  
  60  5:12  Forge  
  61  5:16  Pylon  
  61  5:20  Gateway  
  61  5:25  Probe (Chrono Boost)  
  61  5:26  Probe (Chrono Boost)  
  61  5:28  Dark Templar  
  65  5:32  Dark Templar  
  65  5:35  Dark Templar  
  69  5:42  Probe (Chrono Boost)  
  70  5:43  Probe (Chrono Boost)  
  70  5:44  Probe (Chrono Boost)  
  70  5:45  Protoss Ground Weapons Level 1  
  72  5:53  Probe (Chrono Boost)  
  72  5:55  Probe (Chrono Boost)  
  74  5:58  Probe (Chrono Boost)  
  74  6:00  Robotics Facility  
  74  6:03  Probe (Chrono Boost)  
  76  6:07  Probe (Chrono Boost)  
  77  6:24  Probe (Chrono Boost)  
  77  6:25  Probe (Chrono Boost)  
  77  6:26  Probe (Chrono Boost)  
  77  6:30  Dark Templar  
  77  6:31  Stalker  
  77  6:32  Stalker  
  84  6:34  Probe (Chrono Boost)  
  84  6:36  Probe (Chrono Boost), Assimilator  
  84  6:37  Probe (Chrono Boost)  
  85  6:45  Probe (Chrono Boost)  
  85  6:47  Probe (Chrono Boost)  
  85  6:51  Assimilator  
  85  6:54  Pylon x2  
  85  6:55  Robotics Bay  
  85  6:57  Robotics Facility  
  85  6:58  Pylon  
  85  7:00  Charge  
  85  7:05  Pylon  
  85  7:12  Probe x3 (Chrono Boost)  
  88  7:15  Dark Templar  
  88  7:16  Dark Templar  
  88  7:17  Stalker  
  88  7:18  Stalker  
  88  7:19  Stalker  
  98  7:22  Probe x2 (Chrono Boost)  
  98  7:25  Probe (Chrono Boost)  
  99  7:36  Probe (Chrono Boost)  
  100  7:38  Nexus  
  100  7:39  Pylon  
  100  7:45  Probe (Chrono Boost)  
  100  7:51  Probe (Chrono Boost)  
  100  7:53  Dark Templar  
  100  7:55  Stalker  
  100  7:56  Stalker x3, Probe (Chrono Boost)  
  111  7:58  Protoss Ground Weapons Level 2 (Chrono Boost)  
  111  8:00  Disruptor  
  111  8:03  Probe  
  115  8:05  Probe  
  115  8:12  Probe  
  117  8:17  Probe  
  117  8:19  Probe  
  117  8:33  Pylon, Stalker x2  
  117  8:34  Stalker x2  
  123  8:40  Pylon  
  125  8:41  Pylon  
  125  8:43  Pylon  
  125  8:44  Pylon  
  125  8:46  Pylon  
  125  8:48  Probe  
  125  8:49  Pylon, Disruptor x2 (Chrono Boost)  
  125  8:52  Dark Templar x2  
  134  9:09  Stalker x2  
  138  9:10  Stalker x2  
  138  9:12  Assimilator  
  138  9:15  Assimilator  
  138  9:21  Colossus (Chrono Boost)  
  138  9:26  Extended Thermal Lance (Chrono Boost), Pylon  
  138  9:27  Pylon  
  138  9:30  Colossus (Chrono Boost)  
  144  9:38  Zealot x6  
  162  9:43  Protoss Ground Weapons Level 3 (Chrono Boost)  
  162  9:48  Photon Cannon  
  162  9:53  Gateway  
  162  9:55  Gateway  
  162  9:57  Gateway  
  162  9:58  Zealot  
  162  9:59  Gateway, Zealot x5  
  174  10:07  Gateway x2  
  174  10:12  Colossus (Chrono Boost)  
  174  10:14  Photon Cannon  
  180  10:15  Photon Cannon  
  180  10:19  Photon Cannon  
  180  10:24  Templar Archives  
  180  10:29  Disruptor (Chrono Boost)  
  180  10:33  Zealot x4  
  191  10:49  Pylon  
  191  10:59  Disruptor (Chrono Boost)  
  191  11:02  High Templar x3  
  200  11:06  High Templar  
  184  11:20  Dark Templar x2, Immortal (Chrono Boost)  
  184  11:22  Zealot x4  
  200  11:30  Photon Cannon  
  200  11:32  Photon Cannon  
  199  11:34  Photon Cannon  
  199  11:36  Pylon, Resonating Glaives  
  199  11:38  Pylon  
  199  11:40  Pylon  
  199  11:42  Gateway  
  199  11:43  Gateway  
  199  11:56  Nexus  
  199  12:01  Pylon  
  199  12:03  Pylon  
  195  12:17  High Templar  
  195  12:18  High Templar  
  199  12:41  Protoss Ground Armor Level 1  
  199  12:50  High Templar x4  
  199  12:51  Psionic Storm  
  200  12:57  Nexus  
  200  12:58  Gateway  
  200  12:59  Gateway  
  200  13:02  Gateway  
  200  13:03  Gateway  
  200  13:05  Gateway  
  200  13:08  Gateway  
  200  13:14  Pylon  
  200  13:15  Stargate  
  200  13:17  Pylon  
  200  13:18  Stargate  
  200  13:19  Stargate  
  200  13:24  Stargate, Pylon  
  200  13:26  Stargate  
  199  13:32  Pylon  
  192  14:00  High Templar x2  
  192  14:01  Fleet Beacon  
  196  14:13  Zealot  
  196  14:16  Dark Templar  
  195  14:25  Dark Templar x2  
  195  14:28  Dark Templar  
  158  15:16  Archon  
  112  15:22  Stalker x15  
  112  15:23  Tempest (Chrono Boost)  
  112  15:24  Tempest (Chrono Boost)  
  141  15:30  Tempest x2 (Chrono Boost)  
  124  15:38  Archon  
  124  15:39  Archon  
  114  15:55  Zealot x7  
  114  15:56  Zealot x2  
  114  15:57  Phoenix (Chrono Boost)  
  134  16:01  Phoenix x2 (Chrono Boost), Zealot  
  134  16:03  Probe  
  139  16:05  Probe x3  
  143  16:13  Probe  
  143  16:17  Probe x3  
  141  16:24  Probe  
  135  16:29  Probe  
  127  16:38  Stalker x7  
  141  16:40  Assimilator  
  141  16:42  Assimilator  
  141  16:48  Pylon  
  141  16:49  Zealot x4  
  149  16:57  Probe  
  149  17:00  Immortal  
  150  17:04  Zealot  
  150  17:06  Zealot x7  
  170  17:17  Zealot x3  
  140  18:04  Zealot x7  
  140  18:05  Zealot x4  
  137  18:06  Probe  
  129  18:13  Zealot  
  127  18:29  Zealot x2  
  127  18:31  Probe  
  125  18:41  Probe  
Tags
 
Add a new tag
Caveats
  • Supply blocks, unpowered buildings, or Contaminate may cause inaccurate times.
  • Supply counts are checked every 10 seconds.